 Dungeon Crawl Stone Soup version 0.23-a0-650-ga4d50d4 (webtiles) character file.

35359 Lanoc the Fencer (level 13, -1/178 HPs)
             Began as a White Draconian Berserker on Jan 5, 2019.
             Was a High Priest of Trog.
             Slain by a skeletal warrior
             ... wielding a +0 hand axe
             ... led by a skeletal warrior
              (19 damage)
             ... on level 14 of the Dungeon.
             The game lasted 00:32:15 (12343 turns).

Lanoc the Fencer (White Draconian Berserker)       Turns: 12343, Time: 00:32:16

Health: -1/178     AC:  8    Str: 34    XL:     13   Next: 47%
Magic:  4/4        EV: 19    Int:  7    God:    Trog [*****.]
Gold:   439        SH: 12    Dex: 14    Spells: 12/12 levels left

rFire    . . .     SeeInvis .   L - +2 demon blade (antimagic)
rCold    + . .     Gourm    .   z - +1 buckler
rNeg     . . .     Faith    .   (armour unavailable)
rPois    .         Spirit   .   (helmet restricted)
rElec    .         Reflect  +   p - scarf {cloud immunity}
rCorr    .         Harm     .   (no gloves)
MR       .....                  (no boots)
Stlth    ..........             m - +6 amulet of reflection
HPRegen  0.39/turn              c - +3 ring of dexterity
MPRegen  0.09/turn              o - +4 ring of strength

@: berserking, very quick
A: breathe frost, unfitting armour, cold resistance 1, cold-blooded, AC +8
a: Breathe Frost, Berserk, Trog's Hand, Brothers in Arms, Renounce Religion


You were on level 14 of the Dungeon.
You worshipped Trog.
Trog was extremely pleased with you.
You were hungry.

You visited 2 branches of the dungeon, and saw 15 of its levels.
You also visited: Ice Cave.

You collected 747 gold pieces.
You spent 308 gold pieces at shops.

Inventory:

Hand Weapons
 n - a +4 scimitar
 L - a +2 antimagic demon blade (weapon)
Armour
 p - a scarf of cloud immunity (worn)
 z - a +1 buckler (worn)
Jewellery
 c - a +3 ring of dexterity (left hand)
 d - an uncursed ring of see invisible
 m - a +6 amulet of reflection (around neck)
 o - a +4 ring of strength (right hand)
 u - an uncursed ring of poison resistance
 H - an uncursed ring of protection from magic
 N - an uncursed ring of protection from magic
Wands
 l - a wand of paralysis (16)
 q - a wand of acid (2)
 t - a wand of random effects (18)
 y - a wand of scattershot (7)
 C - a wand of flame (17)
 D - a wand of iceblast (19)
 F - a wand of polymorph (8)
 O - a wand of enslavement (16)
Scrolls
 g - 5 scrolls of teleportation
 i - a scroll of identify
 k - 2 scrolls of enchant weapon
 s - 5 scrolls of fog
 v - 2 scrolls of enchant armour
 A - 2 scrolls of fear
 G - 3 scrolls of remove curse
Potions
 e - 3 potions of resistance
 f - 3 potions of invisibility
 h - 3 potions of magic
 j - 3 potions of brilliance
 r - 2 potions of lignification
 w - 2 potions of agility
 x - a potion of haste
 B - 6 potions of curing
 E - a potion of ambrosia
 I - 3 potions of heal wounds
 M - a potion of might
Miscellaneous
 J - a phantom mirror
Comestibles
 a - 11 chunks of flesh
 b - 19 rations


   Skills:
 + Level 12.7 Fighting
 * Level 15.7 Long Blades
 + Level 11.0 Dodging
 - Level 4.0 Shields


You had 12 spell levels left.
You didn't know any spells.
Your spell library was empty.

Dungeon Overview and Level Annotations

Branches:
Dungeon (14/15)            Temple (1/1) D:4            Lair (0/6) D:11
    Orc (0/2) D:9          Vaults (0/5) D:13

Altars:
Cheibriados
Elyvilon
Fedhas
Qazlal
Zin
The Shining One

Shops:
D:6 %   D:13 !


Innate Abilities, Weirdness & Mutations

You can breathe waves of freezing cold.
You can buffet flying creatures when you breathe cold.
Your icy white scales are hard. (AC +8)
You cannot fit into any form of body armour.
Your flesh is cold resistant. (rC+)
You are cold-blooded and may be slowed by cold attacks.


Message History

Trog accepts your kill.
You slash the skeletal warrior!
Your tail-slap misses the skeletal warrior.
The skeletal warrior is moderately damaged.
You slice the skeletal warrior!!
The skeletal warrior is heavily damaged.
You block the skeletal warrior's attack.
You slash the skeletal warrior!
The skeletal warrior is severely damaged.
The skeletal warrior hits you with a cursed -3 battleaxe!!
* * * LOW HITPOINT WARNING * * *
You slice the skeletal warrior!!
You destroy the skeletal warrior!
Trog accepts your kill.
Your Dodging skill increases to level 11!
You slash the skeletal warrior!
You tail-slap the skeletal warrior, but do no damage.
The skeletal warrior is moderately damaged.
The skeletal warrior hits you with a +0 hand axe!!
You die...

#.# ##.############
#######.............#
#.....#............[#
#.....#.............#
#.....#.............#
#.....#.............#
#...†)#.............#
##...z@#.............#
#....))...############
#......#### #......#
#......# #......#
#.###### #.


You could see a skeletal warrior.

Vanquished Creatures
  Frances (D:13)
  A frost giant (IceCv)
  Snorg (D:13)
  Josephine (D:10)
  A hydra (D:11)
  A two-headed ogre (D:13)
  5 death yaks
  4 skeletal warriors (D:14)
  An unseen horror (D:13)
  A cyclops (D:11)
  2 ugly things (D:13)
  6 manticores
  2 guardian serpents (D:10)
  Joseph (D:7)
  An ice statue (IceCv)
  A kobold demonologist (D:13)
  A rime drake (IceCv)
  13 polar bears (IceCv)
  3 trolls
  3 slime creatures (D:14)
  A meliai zombie (D:12)
  A hornet (D:12)
  5 hippogriffs
  5 wraiths
  A shadow (D:12)
  2 wyverns
  28 yaks
  A vampire (D:13)
  A human (D:9)
  4 hungry ghosts
  2 steam dragons
  2 water moccasins
  2 black bears
  3 ogres
  3 orc warriors
  An eye of draining (D:11)
  2 sky beasts
  3 ice beasts
  10 wolves (IceCv)
  8 centaurs
  2 phantoms
  A crocodile (D:9)
  Blork the orc (D:4)
  9 bullfrogs
  A gnoll sergeant (D:9)
  A water moccasin zombie (D:8)
  A wyvern skeleton (D:9)
  A water moccasin skeleton (D:9)
  4 scorpions
  2 howler monkeys (D:13)
  4 wights (D:13)
  2 centaur zombies
  7 crimson imps
  A quasit (D:9)
  A bullfrog zombie (D:11)
  6 jellies
  4 bullfrog skeletons
  2 centaur skeletons
  A hound (D:6)
  6 orc priests
  7 orc wizards
  3 iguanas
  Ijyb (D:4)
  2 hell rats (D:11)
  2 worker ants
  A killer bee zombie (D:6)
  2 hound zombies
  2 hound skeletons
  15 gnolls
  A howler monkey skeleton (D:9)
  5 adders
  4 shadow imps
  An ooze (D:1)
  3 dart slugs
  4 leopard geckos
  36 orcs
  A ball python (D:3)
  4 giant cockroaches
  13 goblins
  9 hobgoblins
  11 jackals
  7 kobolds
  5 quokkas
  3 bats (D:1)
  7 frilled lizards
  A jackal skeleton (D:4)
  A leopard gecko zombie (D:5)
  A quokka skeleton (D:7)
  12 rats
356 creatures vanquished.

Vanquished Creatures (collateral kills)
  A hydra (D:11)
1 creature vanquished.

Vanquished Creatures (others)
  A cyclops (D:13)
  3 polar bears (IceCv)
  A yak (IceCv)
  2 centaurs
  4 toadstools (D:1)
11 creatures vanquished.

Grand Total: 368 creatures vanquished

Notes
Turn   | Place    | Note
-------+----------+-------------------------------------------
     0 | D:1      | Lanoc the Draconian Berserker began the quest for the Orb.
     0 | D:1      | Reached XP level 1. HP: 19/19 MP: 1/1
    65 | D:1      | Reached XP level 2. HP: 15/26 MP: 2/2
   778 | D:1      | Reached XP level 3. HP: 30/33 MP: 3/3
   924 | D:1      | Reached ** piety under Trog
  1578 | D:2      | Reached skill level 4 in Long Blades
  1597 | D:2      | Reached XP level 4. HP: 21/40 MP: 4/4
  1866 | D:3      | Found a faded altar of an unknown god.
  1909 | D:3      | Reached XP level 5. HP: 46/46 MP: 5/5
  1978 | D:3      | Reached *** piety under Trog
  2251 | D:4      | Found a blossoming altar of Fedhas.
  2290 | D:4      | Noticed Blork the orc
  2302 | D:4      | Killed Blork the orc
  2302 | D:4      | Reached skill level 5 in Long Blades
  2302 | D:4      | Reached XP level 6. HP: 52/53 MP: 6/6
  2588 | D:4      | Found a staircase to the Ecumenical Temple.
  2603 | Temple   | Entered the Ecumenical Temple
  2646 | D:4      | Noticed Ijyb
  2656 | D:4      | Killed Ijyb
  2748 | D:4      | Reached skill level 5 in Fighting
  3036 | D:5      | Entered Level 5 of the Dungeon
  3063 | D:5      | Noticed an ice beast
  3070 | D:5      | Killed an ice beast
  3070 | D:5      | Reached skill level 6 in Long Blades
  3070 | D:5      | Your scales start taking on an icy white colour.
  3070 | D:5      | Reached XP level 7. HP: 48/61 MP: 7/7
  3070 | D:5      | Gained mutation: Your flesh is cold resistant. (rC+) [White
                  | Draconian growth]
  3853 | D:6      | Reached skill level 7 in Long Blades
  3941 | D:6      | Found a glowing golden altar of the Shining One.
  4012 | D:6      | Reached skill level 5 in Dodging
  4012 | D:6      | Reached XP level 8. HP: 62/70 MP: 8/8
  4177 | D:6      | Found Koam Eraro's Food Emporium.
  4192 | D:6      | Reached **** piety under Trog
  4636 | D:7      | Reached skill level 8 in Long Blades
  4700 | D:7      | Noticed Joseph
  4714 | D:7      | Killed Joseph
  4759 | D:7      | Reached XP level 9. HP: 41/79 MP: 9/9
  4825 | D:7      | Reached skill level 9 in Long Blades
  5132 | D:7      | Reached skill level 1 in Shields
  6074 | D:9      | Reached ***** piety under Trog
  6219 | D:9      | Reached skill level 10 in Long Blades
  6402 | D:9      | Found a staircase to the Orcish Mines.
  6493 | D:9      | Reached XP level 10. HP: 75/88 MP: 10/10
  6497 | D:9      | Found a white marble altar of Elyvilon.
  6721 | D:10     | Entered Level 10 of the Dungeon
  6851 | D:10     | Noticed a guardian serpent
  7186 | D:10     | Noticed a guardian serpent
  7202 | D:10     | Killed a guardian serpent
  7216 | D:10     | Noticed Josephine
  7242 | D:10     | Reached skill level 11 in Long Blades
  7256 | D:10     | Killed Josephine
  7262 | D:10     | HP: 3/136 [wraith[Josephine] (10)]
  7737 | D:10     | Killed a guardian serpent
  7922 | D:11     | Received a gift from Trog
  7936 | D:11     | Found a frozen archway.
  7945 | D:11     | Noticed a cyclops
  7961 | D:11     | Killed a cyclops
  7961 | D:11     | Reached XP level 11. HP: 84/99 MP: 3/11
  7969 | D:11     | Reached skill level 12 in Long Blades
  8007 | IceCv    | Entered an ice cave
  8162 | IceCv    | Reached skill level 10 in Fighting
  8246 | IceCv    | Noticed a death yak
  8257 | IceCv    | Killed a death yak
  8448 | IceCv    | Reached skill level 13 in Long Blades
  8653 | IceCv    | Noticed a frost giant
  8653 | IceCv    | Noticed a death yak
  8674 | IceCv    | Killed a frost giant
  8684 | IceCv    | Killed a death yak
  8684 | IceCv    | Reached XP level 12. HP: 59/110 MP: 4/12
  9012 | IceCv    | Identified Otue's Papyrus of Transmigration and Feathers
  9083 | D:11     | Noticed a death yak
  9089 | D:11     | Noticed a death yak
  9091 | D:11     | Noticed a death yak
  9102 | D:11     | Killed a death yak
  9104 | D:11     | HP: 2/110 [death yak (20)]
  9571 | D:11     | Killed a death yak
  9571 | D:11     | Reached skill level 14 in Long Blades
  9576 | D:11     | Killed a death yak
  9754 | D:11     | Found a staircase to the Lair.
  9767 | D:11     | Noticed a six-headed hydra
  9813 | D:11     | Killed a six-headed hydra
  9926 | D:11     | Noticed an eight-headed hydra
  9950 | D:11     | Killed an eight-headed hydra
  9950 | D:11     | Reached skill level 10 in Dodging
 11129 | D:12     | You fall through a shaft!
 11159 | D:13     | Noticed a two-headed ogre
 11161 | D:13     | Noticed Frances
 11165 | D:13     | Killed a two-headed ogre
 11181 | D:13     | Killed Frances
 11181 | D:13     | Reached skill level 15 in Long Blades
 11181 | D:13     | Reached XP level 13. HP: 75/118 MP: 4/13
 11451 | D:13     | Found a gate to the Vaults.
 11938 | D:13     | Found Kocwofaw's Distillery.
 11962 | D:13     | Bought a potion of haste for 110 gold pieces
 11962 | D:13     | Bought a potion of might for 44 gold pieces
 11962 | D:13     | Bought a potion of heal wounds for 55 gold pieces
 11962 | D:13     | Bought 3 potions of curing for 99 gold pieces
 11989 | D:13     | Received a gift from Trog
 12021 | D:13     | Found a stormy altar of Qazlal.
 12214 | D:13     | Noticed Snorg
 12226 | D:13     | Killed Snorg
 12343 | D:14     | Slain by a skeletal warrior

Vault maps used:
D:1:      ldierk_walled_garden_2
D:2:      first_ration
D:3:      chequers_ecumenical_altar_simple
D:4:      kennysheep_the_goblin_king, temple_green, fedhas_altar_2,
          uniq_blork_the_orc
D:6:      basic_altar, serial_shops, shop
D:7:      uniq_joseph
D:9:      elyvilon_altar_3, orc_0_dummy, grunt_pizzeria
D:10:     nrook_guardian_serpent_snake_passage, uniq_josephine
D:11:     dpeg_lair_monsters, portal_ice_cave_entry_pillars_1
D:13:     david_vaults_1, serial_shops, shop, nicolae_qazlal_general_emergency,
          uniq_frances, uniq_snorg
Temple:   regret_index_temple_sigil_plot
IceCv:    ice_cave_caverns_03

Skill      XL: |  1  2  3  4  5  6  7  8  9 10 11 12 13 |
---------------+----------------------------------------+-----
Dodging        | 3 4 5 6 8 9 10 11 | 11.0
Long Blades    | 4 5 6 7 8 10 11 13 15 | 15.7
Fighting       | 4 5 6 7 8 9 11 12 | 12.7
Shields        | 3 4 |  4.0

Action                   |  1- 3 |  4- 6 |  7- 9 | 10-12 | 13-15 || total
-------------------------+-------+-------+-------+-------+-------++-------
Melee: Falchion          |    98 |   135 |   380 |   131 |       ||   744
       Tailslap          |    10 |    27 |    86 |   147 |    38 ||   308
       Scimitar          |       |       |       |    27 |       ||    27
       Demon blade       |       |       |       |   368 |   139 ||   507
Invok: Berserk           |     3 |     6 |     8 |    17 |     4 ||    38
       Brothers in Arms  |       |       |       |     3 |       ||     3
 Abil: Breathe Frost     |       |       |       |     8 |       ||     8
  Use: Scroll            |       |       |    11 |    16 |       ||    27
       Potion            |       |       |       |     1 |       ||     1
 Stab: Sleeping          |     3 |     5 |     1 |     1 |       ||    10
       Distracted        |       |       |       |     1 |       ||     1
  Eat: Chunk             |     5 |    10 |    19 |    29 |     8 ||    71
       Ration            |       |       |       |     2 |       ||     2
Armor: Skin              |    36 |    27 |    60 |    64 |    11 ||   198
Dodge: Dodged            |    85 |    76 |   195 |   194 |    54 ||   604
Block: Other             |     1 |    44 |    35 |       |       ||    80
       Reflection        |       |     1 |     1 |    12 |     1 ||    15
       Buckler           |       |       |    85 |   176 |    62 ||   323
       Rpst.: Falchion   |    28 |    24 |    57 |     9 |       ||   118
       Scimitar          |       |       |       |     4 |       ||     4
       Demon blade       |       |       |       |    32 |    10 ||    42

Table legend:
 A = Non-vault XP
 B = Vault XP
 C = Vault XP percentage of total XP
 D = Non-vault monster count
 E = Vault monster count
 F = Vault count percentage of total count
                 A         B        C        D         E       F
            +---------+---------+-------+---------+---------+-------
      Total |   27552 |   22962 |  45.5 |     292 |      68 |  18.9
            +---------+---------+-------+---------+---------+-------
        D:1 |      57 |       0 |   0.0 |      31 |       0 |   0.0
        D:2 |      75 |       0 |   0.0 |      13 |       0 |   0.0
        D:3 |     155 |       0 |   0.0 |      35 |       0 |   0.0
        D:4 |     184 |     148 |  44.6 |      12 |       8 |  40.0
        D:5 |     545 |       0 |   0.0 |      16 |       0 |   0.0
        D:6 |     487 |       0 |   0.0 |      16 |       0 |   0.0
        D:7 |    1412 |     450 |  24.2 |      25 |       1 |   3.8
        D:8 |     493 |       0 |   0.0 |      12 |       0 |   0.0
        D:9 |    1637 |     182 |  10.0 |      25 |       1 |   3.8
       D:10 |    1391 |    2815 |  66.9 |      11 |       7 |  38.9
       D:11 |    5762 |    2636 |  31.4 |      32 |       5 |  13.5
       D:12 |    5058 |       0 |   0.0 |      29 |       0 |   0.0
       D:13 |    5675 |    4577 |  44.6 |      24 |       4 |  14.3
       D:14 |    4621 |       0 |   0.0 |      11 |       0 |   0.0
      IceCv |       0 |   12154 | 100.0 |       0 |      42 | 100.0
            +---------+---------+-------+---------+---------+-------
